 Dungeon Crawl Stone Soup version 0.29.1-1-gd02db6906a (webtiles) character file.

Game seed: 4145564367974497515

70 erker the Sneak (level 4, -2/27 HPs)
             Began as an Octopode Earth Elementalist on Oct 6, 2022.
             Slain by a hound (6 damage)
             ... on level 4 of the Dungeon.
             The game lasted 00:06:31 (1711 turns).

erker the Sneak (Octopode Earth Elementalist)       Turns: 1711, Time: 00:06:32

Health: -2/27      AC:  1    Str:  7    XL:     4   Next: 21%
Magic:  5/7        EV: 13    Int: 19    God:
Gold:   134        SH:  0    Dex: 18    Spells: 4/7 levels left

rFire   . . .      SeeInvis .   b - +0 dagger
rCold   . . .      Faith    .   (no shield)
rNeg    . . .      Spirit   .   (helmet restricted)
rPois   .          Reflect  .   (no amulet)
rElec   .          Harm     .   g - +6 ring of dexterity
rCorr   .          Rampage  .   k - ring of willpower
Will    +....                   (no ring)
Stlth   ++++......              (no ring)
HPRegen 0.09/turn               (no ring)
MPRegen 0.10/turn               (no ring)
                                (no ring)
                                (no ring)

@: no status effects
A: almost no armour, amphibious, 8 rings, camouflage 1, gelatinous body 1,
(nimble swimmer 1), tentacles
a: no special abilities


You were on level 4 of the Dungeon.
You visited 1 branch of the dungeon, and saw 4 of its levels.

You collected 134 gold pieces.

Inventory:

Hand Weapons
 b - a +0 dagger (weapon)
Jewellery
 g - a +6 ring of dexterity (left tentacle)
 k - a ring of willpower (right tentacle)
Scrolls
 f - 2 scrolls of torment {unknown}
 h - 2 scrolls of identify {unknown}
 i - a scroll of fear {unknown}
 l - a scroll of blinking {unknown}
Potions
 a - a potion of magic
 c - a potion of brilliance {unknown}
 d - a potion of heal wounds {unknown}
 e - a potion of haste {unknown}
 j - a potion of curing {unknown}


   Skills:
 - Level 2.0 Dodging
 - Level 4.0 Stealth
 - Level 2.0 Spellcasting
 + Level 2.4 Transmutations
 + Level 3.8 Earth Magic


You had 4 spell levels left.
You knew the following spells:

 Your Spells              Type           Power      Damage    Failure   Level
a - Sandblast             Erth           32%        2d9       3%          1
w - Passwall              Tmut/Erth      10%        N/A       7%          2

Your spell library contained the following spells:

 Spells                   Type           Power      Damage    Failure   Level
 Stone Arrow              Conj/Erth      18%        3d8       24%         3
 Petrify                  Tmut/Erth      13%        N/A       43%         4


Dungeon Overview and Level Annotations

Branches:
Dungeon (4/15)
 Temple: D:4-7

Altars:


Innate Abilities, Weirdness & Mutations

You cannot wear most types of armour.
You are amphibious.
You can wear up to eight rings at the same time.
Your skin changes colour to match your surroundings (Stealth+).
Your rubbery body absorbs attacks. (AC +1, EV +1)
((You are camouflaged when in or above water. (Stealth+)))
You have tentacles for arms and can constrict up to eight enemies at once.


Message History

Confirm with . or Enter, or press ? or * to list all spells.
Aiming: Sandblast (safe; 3% risk of failure)
Press: ? - help, Shift-Dir - straight line, f/p - ufetubus
Aim: an ufetubus (almost dead, 70% to hit)
The blast of sand hits the ufetubus.
You kill the ufetubus!
Things that are here:
a +0 hand axe; a +0 leather armour
Found a stone staircase leading down.
You hear the brisk rusting of a very distant drain.
Magic restored.
You see here a jackal corpse.
You hear the quick rusting of a very distant drain.
Found a ring mail.
Found an escape hatch in the floor.
You see here a +0 ring mail.
There is an escape hatch in the floor here.
A hound comes into view.
A gnoll comes into view. It is wielding a +0 halberd.
Casting: Sandblast (safe; 3% risk of failure)
Confirm with . or Enter, or press ? or * to list all spells.
Aiming: Sandblast (safe; 3% risk of failure)
Press: ? - help, Shift-Dir - straight line, f - hound
Aim: a hound (wandering, hasn't noticed you, 75% to hit)
The blast of sand hits the hound.
The hound is moderately wounded.
The hound barks!
You hear an angry hiss.
You hear a shout!
The hound attacks as you move away! The hound bites you. x2
The hound attacks as you move away! The hound closely misses you.
The hound misses you.
There is an escape hatch in the floor here.
Casting: Sandblast (safe; 3% risk of failure)
Confirm with . or Enter, or press ? or * to list all spells.
Aiming: Sandblast (safe; 3% risk of failure)
Press: ? - help, Shift-Dir - straight line, f/p - hound
Aim: a hound (moderately wounded, 75% to hit)
The blast of sand misses the hound.
The hound bites you.
* * * LOW HITPOINT WARNING * * *
The hound bites you.
You die...

#.##~~♣# ♣P'..#
########.##'##♣P~##.......
#......†.....#### ......#
#.#######.†....... ..#....
#.# #......##.#..# #.. #.#
#########.#..# # #.# ...
..# #.############.# ..#
#......[..@h...#
#############..# # #..# #
#..# # #..# # ..g### #
#.#g.. # #....g ..######
###.#. g.......


You could see a hound.

Vanquished Creatures
  2 adders
  An ufetubus (D:4)
  2 dart slugs (D:1)
  An orc (D:4)
  7 ball pythons
  2 bats
  5 endoplasms
  A giant cockroach (D:2)
  3 goblins
  3 hobgoblins
  3 jackals (D:4)
  A quokka (D:1)
  5 kobolds
  A rat (D:1)
37 creatures vanquished.

Vanquished Creatures (others)
  A plant (D:4)
1 creature vanquished.

Grand Total: 38 creatures vanquished

Notes
Turn   | Place    | Note
-------+----------+-------------------------------------------
     0 | D:1      | erker the Octopode Earth Elementalist began the quest for
                  | the Orb.
     0 | D:1      | Reached XP level 1. HP: 11/11 MP: 3/3
    59 | D:1      | Reached skill level 3 in Stealth
   350 | D:1      | Reached XP level 2. HP: 17/17 MP: 3/5
   353 | D:1      | Learned a level 2 spell: Passwall
   382 | D:1      | Reached skill level 4 in Stealth
   544 | D:1      | Found a faded altar of an unknown god.
   672 | D:1      | Reached XP level 3. HP: 21/21 MP: 6/6
  1573 | D:4      | Reached XP level 4. HP: 19/27 MP: 4/7
  1711 | D:4      | Slain by a hound

Illustrated notes

Levels and vault maps discovered:
D:1:      spicycebolla_arrival_clurvy, layout_rooms,
          hellmonk_ecumenical_altar_pennies_from_heaven,
          kennysheep_pointless_box, minmay_misc_feat_tower, fountainhead
D:2:      layout_basic, st_stairs_3, nicolae_concentric_dashed_squares_wild,
          grunt_ministairs_15, minmay_pentomino_t2
D:3:      layout_loops_cross, kennysheep_generic_room_10, uniq_sigmund
D:4:      layout_basic, serial_shops, kennysheep_mini_moat,
          portal_sewer_entry_e, kennysheep_cluttered_room, kennysheep_nub,
          saegor_snake_ambush

Skill      XL: |  1  2  3 |
---------------+----------+-----
Stealth        | 3 4 |  4.0
Transmutations | 2 |  2.4
Dodging        | |  2.0
Spellcasting   | |  2.0
Earth Magic    | |  3.8

Action                   |  1- 3 |  4- 6 || total
-------------------------+-------+-------++-------
Melee: Dagger            |    27 |       ||    27
       Constrict         |     8 |       ||     8
       Tentacles         |     6 |       ||     6
 Cast: Sandblast         |    26 |     6 ||    32
 Stab: Sleeping          |     5 |       ||     5
Armor: Skin              |     4 |       ||     4
Dodge: Dodged            |    26 |    15 ||    41
